 Dungeon Crawl Stone Soup version 0.29-a0-416-g83a48905f1 (webtiles) character file.

Game seed: 2683119180136264134

77 powerkranz the Skirmisher (level 4, -2/49 HPs)
             Began as an Ogre Berserker on May 16, 2022.
             Was a Believer of Trog.
             Slain by Ijyb
             ... wielding a +0 dagger
              (5 damage)
             ... on level 3 of the Dungeon.
             The game lasted 00:04:59 (1940 turns).

powerkranz the Skirmisher (Ogre Berserker)          Turns: 1940, Time: 00:04:59

Health: -2/49      AC:  3    Str: 23    XL:     4   Next: 34%
Magic:  4/4        EV: 10    Int:  8    God:    Trog [**....]
Gold:   156        SH:  0    Dex:  8    Spells: 3/3 levels left

rFire   + . .      SeeInvis .   a - +1 hand axe
rCold   + . .      Faith    .   (no shield)
rNeg    . . .      Spirit   .   b - +0 animal skin
rPois   .          Reflect  .   (helmet restricted)
rElec   .          Harm     .   h - scarf {rC+ rF+}
rCorr   .          Rampage  .   (gloves unavailable)
Will    .....                   (boots unavailable)
Stlth   +.........              (no amulet)
HPRegen 0.16/turn               (no ring)
MPRegen 0.09/turn               (no ring)

@: no status effects
A: large, unfitting armour, tough skin 1
a: Renounce Religion, Berserk, Trog's Hand


You were on level 3 of the Dungeon.
You worshipped Trog.
Trog was pleased with you.
You visited 1 branch of the dungeon, and saw 3 of its levels.

You collected 156 gold pieces.

Inventory:

Hand Weapons
 a - a +1 hand axe (weapon)
Armour
 b - a +0 animal skin (worn)
 h - a scarf of resistance (worn)
Jewellery
 i - the ring of the King {rCorr Int+6}
   (You found it on level 2 of the Dungeon)

   [ring of resist corrosion]

   Int:       It affects your intelligence (+6).
   rCorr:     It protects you from acid and corrosion.
Scrolls
 c - 4 scrolls of identify
 d - 4 scrolls of teleportation
Potions
 e - 2 potions of curing
 g - a potion of lignification
 l - a potion of invisibility {unknown}


   Skills:
 + Level 4.9 Fighting
 + Level 4.0 Axes
 + Level 3.2 Dodging


You had 3 spell levels left.
You didn't know any spells.
Your spell library was empty.

Dungeon Overview and Level Annotations

Branches:
Dungeon (3/15)

Altars:
Fedhas
Xom

Annotations:
D:3 1 runed translucent door, Ijyb; pel's ghost, amateur GrFi


Innate Abilities, Weirdness & Mutations

You are too large for most types of armour.
You have tough skin. (AC +1)


Message History

You barely miss the giant cockroach. The giant cockroach misses you.
You hit the giant cockroach but do no damage.
The giant cockroach closely misses you.
The giant cockroach bites you but does no damage.
You hit the giant cockroach.
You kill the giant cockroach!
Trog accepts your kill.
Pel's ghost turns its malevolent gaze towards you.
As you open the door, it creaks loudly!
You hear a shout!
Ijyb the Twisted Goblin comes into view.
She is wielding a +0 dagger, wearing a +1 leather armour of willpower and carrying a wand of acid (11).
Found a stone staircase leading down.
Found 16 gold pieces.
There is an open door here.
You miss Ijyb. Ijyb closely misses you.
You hit Ijyb.
Ijyb is lightly wounded.
Ijyb hits you with a +0 dagger.
You hit Ijyb but do no damage.
Ijyb is lightly wounded.
Ijyb hits you with a +0 dagger.
You barely miss Ijyb.
Ijyb is lightly wounded.
Ijyb zaps a wand.
The bolt of acid hits you!!!
Ouch! That really hurt!
* * * LOW HITPOINT WARNING * * *
Ijyb hits you with a +0 dagger.
* * * LOW HITPOINT WARNING * * *
You barely miss Ijyb.
Ijyb is lightly wounded.
Ijyb hits you with a +0 dagger.
* * * LOW HITPOINT WARNING * * *
You hit Ijyb.
Ijyb is moderately wounded.
Ijyb hits you with a +0 dagger.
* * * LOW HITPOINT WARNING * * *
You hit Ijyb.
Ijyb is heavily wounded.
Ijyb screams, "I no like you!" Ijyb hits you with a +0 dagger.
You die...

..)............
###......##....
#......##....
#......##....
#######....##.... ###+##
≈!≈WSS+....##....
......# #####....##....
#......######..#####....
+..>...@................
#.....g#################
#.....$ #...... ######
#...... ...... #......
.....# #...... ..##
#...... ### #..


You could see Ijyb.

Vanquished Creatures
  2 adders
  A worm (D:2)
  A dart slug (D:1)
  3 ball pythons
  6 bats
  2 endoplasms
  5 giant cockroaches
  5 goblins
  3 hobgoblins
  6 jackals
  3 quokkas
  2 frilled lizards (D:2)
  4 kobolds (D:1)
  5 rats
48 creatures vanquished.

Vanquished Creatures (others)
  11 plants (D:1)
  3 withered plants (D:1)
14 creatures vanquished.

Grand Total: 62 creatures vanquished

Notes
Turn   | Place    | Note
-------+----------+-------------------------------------------
     0 | D:1      | powerkranz the Ogre Berserker began the quest for the Orb.
     0 | D:1      | Reached XP level 1. HP: 24/24 MP: 1/1
   180 | D:1      | Reached XP level 2. HP: 26/32 MP: 2/2
   223 | D:1      | Found a faded altar of an unknown god.
   751 | D:1      | Reached XP level 3. HP: 39/40 MP: 3/3
   831 | D:2      | Identified the ring of the King {rCorr Int+6}
   869 | D:2      | Reached ** piety under Trog
  1390 | D:2      | Reached XP level 4. HP: 48/49 MP: 4/4
  1592 | D:3      | Found a shimmering altar of Xom.
  1642 | D:3      | Found a blossoming altar of Fedhas.
  1909 | D:3      | Found a runed translucent door.
  1919 | D:3      | Noticed pel's ghost (amateur GrFi)
  1932 | D:3      | Noticed Ijyb
  1940 | D:3      | Slain by Ijyb

Illustrated notes

Levels and vault maps discovered:
D:1:      giann_forest_graveyard, layout_rooms,
          shapermc_ecumenical_altar_flowoftime
D:2:      layout_basic, serial_corexii_hall, corexii_hall_statues_u,
          corexii_hall_statues_x
D:3:      layout_basic, fedhas_altar_1, nicolae_overflow_crystal_walls,
          gammafunk_temple_overflow_forgotten, ebering_ghost_sewer_d, uniq_ijyb

Skill      XL: |  1  2  3  4 |
---------------+-------------+-----
Dodging        | 3 |  3.2
Axes           | 4 |  4.0
Fighting       | |  4.9

Action                   |  1- 3 |  4- 6 || total
-------------------------+-------+-------++-------
Melee: Hand axe          |   116 |    41 ||   157
       Punch             |     1 |     1 ||     2
  Use: Scroll            |     3 |     4 ||     7
Armor: Animal skin       |    36 |     8 ||    44
Dodge: Dodged            |    73 |    19 ||    92

Table legend: (Time is in decaauts)
 A = Elapsed time spent in this place.
 B = Non-inter-level travel time spent in this place.
 C = Inter-level travel time spent in this place.
 D = Time resting spent in this place.
 E = Time spent auto-exploring this place.
 F = Levels seen in this place.
 G = Mean time per level.
                   A        B        C        D        E       F      G
               +--------+--------+--------+--------+--------+-----+--------+
         Total |   1959 |   1906 |     53 |    243 |   1053 |   3 |  653.0 |
       Dungeon |   1959 |   1906 |     53 |    243 |   1053 |   3 |  653.0 |
               +--------+--------+--------+--------+--------+-----+--------+

Top non-repeatable levels by time:
     D:1: 806 daAuts
     D:2: 651 daAuts
     D:3: 500 daAuts
